 Dungeon Crawl Stone Soup version 0.31-a0-229-g1fc7ce93e2 (webtiles) character file.

Game seed: 13919152502616898884

65 qw the Shooter (level 4, -1/26 HPs)
             Began as a Gargoyle Hexslinger on July 6, 2023.
             Slain by an orc wizard
             ... wielding a +0 dagger
              (2 damage)
             ... on level 3 of the Dungeon.
             The game lasted 00:00:38 (1901 turns).

qw the Shooter (Gargoyle Hexslinger)                Turns: 1901, Time: 00:00:39

Health: -1/26      AC: 10    Str: 11    XL:     4   Next: 13%
Magic:  5/5        EV: 10    Int: 14    God:
Gold:   84         SH:  0    Dex: 14    Spells: 4/5 levels left

rFire   . . .        Y - +1 sling
rCold   . . .        (no shield)
rNeg    + . .        g - +0 ring mail
rPois   inf          (no helmet)
rElec   +            (no cloak)
rCorr   .            a - +0 pair of gloves
SInv    .            c - +0 pair of boots
Will    .....        (no amulet)
Stlth   +            (no ring)
HPRegen 0.24/turn    (no ring)
MPRegen 0.09/turn

%: no passive effects
@: no status effects
A: sickness immunity, AC +3, negative energy resistance 1, electricity
resistance, torment resistance 1, petrification resistance
a: no special abilities


You were on level 3 of the Dungeon.
You visited 1 branch of the dungeon, and saw 3 of its levels.

You collected 84 gold pieces.


Innate Abilities, Weirdness & Mutations

You are immune to sickness and miasma.
Your stone body is resilient. (AC +3)
You are immune to poison.
You resist negative energy. (rN+)
You are resistant to electric shocks. (rElec)
You are resistant to unholy torment.
You are immune to petrification.


   Skills:
 - Level 2.0 Fighting
 + Level 3.7 Ranged Weapons
 - Level 1.1 Armour
 - Level 1.5 Dodging
 - Level 1.0 Spellcasting
 - Level 2.6 Hexes


You had 4 spell levels left.
You knew the following spells:

 Your Spells              Type           Power      Damage    Failure   Level
a - Slow                  Hex            32%        N/A       21%         1

Your spell library contained the following spells:

 Spells                   Type           Power      Damage    Failure   Level
 Inner Flame              Hex/Fire       4%         N/A       71%         3
 Portal Projectile        Hex/Tloc       8%         N/A       71%         3
 Cause Fear               Hex            4%         N/A       90%         4

Inventory:

Hand Weapons
 Y - a +1 sling (weapon)
Armour
 a - a +0 pair of gloves (worn)
 c - a +0 pair of boots (worn)
 g - a +0 ring mail (worn)
Scrolls
 h - a scroll of identify
Potions
 b - a potion of haste {unknown}
 d - a potion of invisibility {unknown}
 e - 2 potions of enlightenment
 f - a potion of cancellation {unknown}
 j - a potion of curing {unknown}

Dungeon Overview and Level Annotations

Branches:
Dungeon (3/15)

Altars:

Annotations:
D:1 1 runed translucent door


Message History

You barely resist.
1891 ||| Stepping ~*~*~tactically~*~*~ (outnumbered).
1893 ||| Stepping ~*~*~tactically~*~*~ (outnumbered).
You shoot a sling bullet.
The sling bullet closely misses the orc.
You shoot a sling bullet.
The sling bullet hits the orc but does no damage.
The orc hits you but does no damage. The orc barely misses you.
You shoot a sling bullet.
The sling bullet closely misses the orc wizard.
The orc wizard hits you but does no damage.
You shoot a sling bullet. The sling bullet hits the orc priest.
The orc priest is moderately wounded.
The orc wizard hits you with a +0 dagger.
The orc priest hits you but does no damage.
The orc closely misses you.
You shoot a sling bullet.
The sling bullet hits the orc priest but does no damage.
The orc priest is moderately wounded.
The orc wizard hits you but does no damage.
The orc priest closely misses you. The orc hits you but does no damage.
The orc wizard hits you but does no damage.
The orc hits you with a +0 club.
The orc priest hits you with a +2 flail of holy wrath.
You shoot a sling bullet.
The sling bullet closely misses the orc priest.
The orc wizard barely misses you.
The orc priest invokes the aid of Beogh against you.
Beogh smites you!
Ouch! That really hurt!
The orc hits you but does no damage.
You shoot a sling bullet.
The sling bullet completely misses the orc priest.
The orc wizard hits you but does no damage.
The orc barely misses you.
The orc priest hits you with a +2 flail of holy wrath.
You shoot a sling bullet. The sling bullet hits the orc priest.
The orc priest is heavily wounded.
The orc wizard hits you with a +0 dagger.
You die...

### #.# #.. ### #.# #.#
#.. #.# #.# #.###.# #.#
#.#.#.#
#.######.#.#.##.#
#.#........@o...#
#.#.####%#.oo#..#
######.#.#......###..#
.....................o.
######.#.#(..........#.#
#.#.####.##.#####.#
#.#.# #....# # #.#.#
###### #.#.#


You could see an orc priest, an orc wizard and an orc.

Vanquished Creatures
  2 adders
  A worm (D:2)
  A dart slug (D:1)
  5 endoplasms
  2 giant cockroaches
  4 goblins
  A hobgoblin (D:2)
  5 kobolds
  A quokka (D:1)
  7 ball pythons (D:1)
  7 bats
  4 rats
40 creatures vanquished.

Notes
Turn   | Place    | Note
-------+----------+-------------------------------------------
     0 | D:1      | qw the Gargoyle Hexslinger began the quest for the Orb.
     0 | D:1      | Reached XP level 1. HP: 12/12 MP: 2/2
     0 | D:1      | 0 ||| qw: Version: 0.3-a-46-gb1f654a
     0 | D:1      | 0 ||| qw: Game counter: 1406
     0 | D:1      | 0 ||| qw: Melee chars always use a shield: true
     0 | D:1      | 0 ||| qw: God list: Okawaru
     0 | D:1      | 0 ||| qw: Allow faded altars: false
     0 | D:1      | 0 ||| qw: Do Orc after clearing Dungeon:15 true
     0 | D:1      | 0 ||| qw: Do second Lair branch before Depths: true
     0 | D:1      | 0 ||| qw: Lair rune preference: random
     0 | D:1      | 0 ||| qw: Goals: Normal
     0 | D:1      | 0 ||| PLANNING D:1-11
     3 | D:1      | Found a runed translucent door.
   183 | D:1      | Reached XP level 2. HP: 12/16 MP: 3/3
   261 | D:1      | Reached skill level 3 in Ranged Weapons
   587 | D:1      | Reached XP level 3. HP: 20/21 MP: 4/4
   859 | D:1      | 859 ||| UPGRADING to +0 ring mail.
   869 | D:1      | 869 ||| DROPPING +0 robe.
   870 | D:1      | 870 ||| READING scroll labelled ANEFOKH HEMP.
   871 | D:1      | 871 ||| READING scroll labelled HOSEONGATU.
   872 | D:1      | 872 ||| DRINKING 3 viscous clear potions.
   873 | D:1      | 873 ||| DROPPING scroll of poison.
  1712 | D:2      | 1712 ||| UPGRADING to +0 pair of gloves.
  1717 | D:2      | 1717 ||| UPGRADING to +0 pair of boots.
  1722 | D:2      | 1722 ||| READING scroll labelled FOCKIONKUIR.
  1736 | D:2      | 1736 ||| DRINKING 2 grey potions.
  1739 | D:2      | 1739 ||| DROPPING potion of ambrosia.
  1877 | D:3      | Reached skill level 1 in Armour
  1877 | D:3      | Reached XP level 4. HP: 26/26 MP: 5/5
  1889 | D:3      | 1889 ||| Stepping ~*~*~tactically~*~*~ (outnumbered).
  1891 | D:3      | 1891 ||| Stepping ~*~*~tactically~*~*~ (outnumbered).
  1893 | D:3      | 1893 ||| Stepping ~*~*~tactically~*~*~ (outnumbered).
  1899 | D:3      | HP: 3/26 [orc priest/divine providence (13)]
  1900 | D:3      | HP: 1/26 [orc priest/+2 flail of holy wrath (2)]
  1901 | D:3      | Slain by an orc wizard

Levels and vault maps discovered:
D:1:      dpeg_arrival_caged_fury, layout_basic, serial_curves, eino_curves_04,
          eino_curves_02
D:2:      layout_basic, serial_curves, eino_curves_03, eino_curves_04
D:3:      layout_basic

Skill      XL: |  1  2  3 |
---------------+----------+-----
Ranged Weapons | 3 |  3.7
Fighting       | 2 |  2.0
Armour         | 1 |  1.1
Dodging        | |  1.5
Spellcasting   | |  1.0
Hexes          | |  2.6

Action                     |  1- 3 |  4- 6 || total
---------------------------+-------+-------++-------
   Fire: Sling             |   135 |    11 ||   146
    Use: Scroll            |     3 |       ||     3
         Potion            |     2 |       ||     2
 Armour: Robe              |    17 |       ||    17
         Ring mail         |    24 |     8 ||    32
  Dodge: Dodged            |    49 |     5 ||    54

Table legend:
 A = Non-vault XP
 B = Vault XP
 C = Vault XP percentage of total XP
 D = Non-vault monster count
 E = Vault monster count
 F = Vault count percentage of total count
                 A         B        C        D         E       F
            +---------+---------+-------+---------+---------+-------
      Total |      93 |       0 |   0.0 |      40 |       0 |   0.0
            +---------+---------+-------+---------+---------+-------
        D:1 |      46 |       0 |   0.0 |      26 |       0 |   0.0
        D:2 |      28 |       0 |   0.0 |       9 |       0 |   0.0
        D:3 |      19 |       0 |   0.0 |       5 |       0 |   0.0
            +---------+---------+-------+---------+---------+-------
